 Dungeon Crawl Stone Soup version 0.30.0-5-g1a98f26d00 (webtiles) character file.

Game seed: 8502045235313587960

2164 KittyFluff the Basher (level 9, 0/84 HPs)
             Began as a Gargoyle Berserker on May 7, 2023.
             Was an Elder of Trog.
             Slain by an orc warrior
             ... wielding a +0 hand axe
              (5 damage)
             ... on level 7 of the Dungeon on May 8, 2023.
             The game lasted 00:29:29 (6137 turns).

KittyFluff the Basher (Gargoyle Berserker)          Turns: 6137, Time: 00:29:29

Health: 0/84       AC: 12    Str: 22    XL:     9   Next: 32%
Magic:  9/9        EV: 13    Int:  7    God:    Trog [****..]
Gold:   325        SH:  3    Dex: 13    Spells: 8/8 levels left

rFire   + . .        C - +1 flail (heavy)
rCold   + . .        D - +0 buckler
rNeg    + . .        G - +1 robe {rC+ rF+}
rPois   ∞            a - +0 helmet
rElec   +            (no cloak)
rCorr   +            (no gloves)
SInv    .            k - +0 pair of boots
Will    .....        (no amulet) Stlth
                     i - ring of resist corrosion
HPRegen 0.34/turn    (no ring)
MPRegen 0.11/turn

%: no passive effects
@: berserking, very quick
A: sickness immunity, AC +6, negative energy resistance 1, electricity
resistance, torment resistance 1, petrification resistance
a: Renounce Religion, Berserk, Trog's Hand, Brothers in Arms


You were on level 7 of the Dungeon.
You worshipped Trog.
Trog was greatly pleased with you.
You visited 1 branch of the dungeon, and saw 7 of its levels.
You also visited: Sewer.

You collected 325 gold pieces.

Inventory:

Hand Weapons
 h - a +1 mace of venom
 j - a +0 sling
 C - a +1 heavy flail (weapon)
Missiles
 s - 5 curare-tipped darts
 t - 26 poisoned darts (quivered)
 v - 6 javelins
 y - 5 boomerangs
Armour
 a - a +0 helmet (worn)
 k - a +0 pair of boots (worn)
 o - an orb of light
 z - a +0 ring mail
 D - a +0 buckler (worn)
 G - a +1 robe of resistance (worn)
Jewellery
 i - a ring of resist corrosion (left hand)
Wands
 u - a wand of charming (9)
 E - a wand of flame (12)
Scrolls
 b - 2 scrolls of enchant weapon {unknown}
 c - a scroll of poison {unknown}
 d - 3 scrolls of teleportation {unknown}
 n - a scroll of torment {unknown}
 r - 3 scrolls of fear {unknown}
 w - a scroll of enchant armour {unknown}
 A - a scroll of vulnerability {unknown}
Potions
 e - 2 potions of flight
 f - 2 potions of attraction
 g - 2 potions of might
 l - 3 potions of haste
 m - 4 potions of degeneration {unknown}
 p - a potion of resistance
 q - 2 potions of magic {unknown}
 x - a potion of invisibility {unknown}
 B - 2 potions of curing {unknown}
 F - a potion of heal wounds {unknown}


   Skills:
 + Level 6.5 Fighting
 + Level 9.5 Maces & Flails
 + Level 3.7 Armour
 + Level 4.4 Dodging
 + Level 1.7 Stealth
 + Level 0.3 Shields


You had 8 spell levels left.
You didn't know any spells.
Your spell library was empty.

Dungeon Overview and Level Annotations

Branches:
Dungeon (7/15)             Temple (0/1) D:4           Sewer (visited)

Altars:
Okawaru
The Shining One


Innate Abilities, Weirdness & Mutations

You are immune to sickness and miasma.
Your stone body is resilient. (AC +6)
You are immune to poison.
You resist negative energy. (rN+)
You are resistant to electric shocks. (rElec)
You are resistant to unholy torment.
You are immune to petrification.


Message History

Something hits you but does no damage.
You closely miss the orc warrior.
The orc warrior is moderately wounded.
The orc warrior closely misses you.
You hear some strange, mumbled words.
A magic dart appears from out of thin air!
The magic dart hits you!
The orc warrior hits you but does no damage.
You closely miss the orc warrior.
The orc warrior is moderately wounded.
Something completely misses you.
The orc warrior hits you with a +0 hand axe.
Something hits you but does no damage.
You completely miss the orc warrior.
The orc warrior is moderately wounded.
You block the orc warrior's attack. Something hits you but does no damage.
The orc warrior hits you with a +0 hand axe.
* * * LOW HITPOINT WARNING * * *
You sock the orc warrior!
The orc warrior is severely wounded.
Something completely misses you. The orc warrior barely misses you.
Something hits you but does no damage.
You hit the orc warrior but do no damage.
The orc warrior is severely wounded.
The orc warrior closely misses you. Something hits you but does no damage.
The orc warrior closely misses you.
You hit the orc warrior.
The orc warrior is almost dead.
Something barely misses you. The orc warrior misses you. Something hits you.
* * * LOW HITPOINT WARNING * * *
You closely miss the orc warrior.
The orc warrior is almost dead.
The orc warrior closely misses you. Something hits you but does no damage.
The orc warrior hits you with a +0 hand axe!
* * * LOW HITPOINT WARNING * * *
A red film seems to cover your vision as you go berserk!
You feel yourself moving faster!
You feel mighty! Something hits you but does no damage.
The orc warrior hits you with a +0 hand axe.
You die...

#.# ### #.# .. #.# #.#
#.# .# #.##.#.# #.#
#.#.# #.# ##.# #. #..#
#.####.## .. #.##
##......## .$ #..##
##.######)## .##..
#...###..........#......
####.#..########@o.#
#..#.# ##{## #..#.# .#
#..#.# .# #..#.# .#
...#.. .# ###.### .# #.#
.# #..


You could see an orc warrior.

Vanquished Creatures
  The ghost of avis the Sneak, a novice VSBr (D:4)
  The ghost of hawla the Firebug, an amateur MeFE (D:4)
  Edmund (D:6)
  2 water moccasins
  A black bear (D:4)
  The ghost of Valagong the Trooper, an amateur MiFi (D:3)
  An ogre (D:6)
  Blork the orc (D:6)
  3 kobold brigands
  A gnoll sergeant (D:7)
  A scorpion (D:6)
  3 howler monkeys
  2 jellies
  An orc priest (D:3)
  A hound (D:6)
  5 iguanas
  5 orc wizards
  3 gnolls (D:6)
  11 adders
  7 river rats (Sewer)
  A white imp (D:7)
  2 ufetubi
  2 worms
  A dart slug (D:5)
  17 orcs
  12 ball pythons
  7 endoplasms
  6 goblins
  7 hobgoblins
  4 jackals (D:1)
  5 quokkas
  7 bats
  4 frilled lizards
  27 kobolds
  27 rats
181 creatures vanquished.

Notes
Turn   | Place    | Note
-------+----------+-------------------------------------------
     0 | D:1      | KittyFluff the Gargoyle Berserker began the quest for the
                  | Orb.
     0 | D:1      | Reached XP level 1. HP: 14/14 MP: 1/1
   289 | D:1      | Reached XP level 2. HP: 6/19 MP: 2/2
   531 | D:1      | Reached XP level 3. HP: 7/24 MP: 3/3
   546 | D:1      | Reached ** piety under Trog
  1560 | D:3      | Noticed a water moccasin
  1567 | D:3      | Killed a water moccasin
  1568 | D:3      | Reached skill level 4 in Maces & Flails
  1568 | D:3      | Reached XP level 4. HP: 20/29 MP: 4/4
  1568 | D:3      | Reached XP level 5. HP: 23/33 MP: 5/5
  1613 | D:3      | Found a runed translucent gate.
  1613 | D:3      | Found a runed translucent gate.
  1613 | D:3      | Noticed Valagong's ghost (amateur MiFi)
  1613 | D:3      | Noticed a kobold brigand
  1614 | D:3      | Found a runed translucent gate.
  1840 | D:3      | Reached skill level 5 in Maces & Flails
  1913 | D:3      | Reached *** piety under Trog
  1922 | D:3      | Reached XP level 6. HP: 38/38 MP: 6/6
  1980 | D:3      | Found an iron altar of Okawaru.
  2216 | D:4      | Noticed a black bear
  2223 | D:4      | Killed a black bear
  2331 | D:4      | Found a glowing drain.
  2346 | Sewer    | Entered a sewer
  2513 | Sewer    | Reached skill level 6 in Maces & Flails
  2583 | Sewer    | Reached XP level 7. HP: 43/44 MP: 7/7
  2603 | Sewer    | Reached **** piety under Trog
  3286 | D:4      | Found a staircase to the Ecumenical Temple.
  3551 | D:4      | Found a runed translucent gate.
  3552 | D:4      | Found a runed translucent gate.
  3552 | D:4      | Found a runed translucent gate.
  3553 | D:4      | Noticed hawla's ghost (amateur MeFE)
  3553 | D:4      | Noticed avis's ghost (novice VSBr)
  3782 | D:4      | Killed avis's ghost
  3783 | D:4      | Reached skill level 5 in Fighting
  3783 | D:4      | Reached skill level 7 in Maces & Flails
  3784 | D:4      | Killed hawla's ghost
  3785 | D:4      | Reached skill level 1 in Stealth
  3785 | D:4      | Reached XP level 8. HP: 46/49 MP: 8/8
  3916 | D:3      | Killed Valagong's ghost
  4048 | D:5      | Entered Level 5 of the Dungeon
  4289 | D:5      | Reached skill level 8 in Maces & Flails
  4414 | D:5      | Found a glowing golden altar of the Shining One.
  4846 | D:6      | Noticed Edmund
  4856 | D:6      | Killed Edmund
  5231 | D:6      | Reached skill level 9 in Maces & Flails
  5231 | D:6      | Reached XP level 9. HP: 26/55 MP: 9/9
  5488 | D:6      | Noticed Blork the orc
  5497 | D:6      | Killed Blork the orc
  5713 | D:6      | Upgraded the game from 0.30.0-3-ga4e48a9924 to
                  | 0.30.0-5-g1a98f26d00
  6137 | D:7      | Slain by an orc warrior

Illustrated notes

Levels and vault maps discovered:
D:1:      elethiomel_arrival_maze, layout_basic
D:2:      layout_loops_cross
D:3:      layout_loops_cross, okawaru_gym_becter, gammafunk_ghost_nasty_kobolds
D:4:      layout_loops_corners, minmay_temple_entry_waves,
          gammafunk_ghost_cemetery, cheibrodos_sewer_entry_bend
D:5:      layout_cave_pools, kennysheep_little_box
D:6:      layout_basic, minivault_25, uniq_blork_the_orc, uniq_edmund
D:7:      layout_loops_ring, minmay_stone_trees_small

Skill      XL: |  1  2  3  4  5  6  7  8 |
---------------+-------------------------+-----
Dodging        | 2 3 4 |  4.4
Fighting       | 4 5 6 |  6.5
Maces & Flails | 4 5 6 7 9 |  9.5
Armour         | 3 |  3.7
Stealth        | 1 |  1.7
Shields        | |  0.3

Action                     |  1- 3 |  4- 6 |  7- 9 || total
---------------------------+-------+-------+-------++-------
  Melee: Mace              |   136 |   118 |   199 ||   453
         Punch             |     1 |       |       ||     1
         Flail             |       |       |    86 ||    86
 Invoke: Berserk           |     1 |       |     1 ||     2
    Use: Scroll            |       |       |     5 ||     5
 Armour: Animal skin       |    36 |       |       ||    36
         Leather armour    |    13 |    60 |    90 ||   163
         Robe              |       |       |    38 ||    38
  Dodge: Dodged            |    97 |   110 |   197 ||   404
  Block: Buckler           |       |       |    16 ||    16
